 Dungeon Crawl Stone Soup version 0.26-a0-660-gc07710193c (webtiles) character file.

Game seed: 78983889952991988

54 dickylongcocking the Stinger (level 3, -1/28 HPs)
             Began as a Naga Venom Mage on Oct 5, 2020.
             Slain by an ogre
             ... wielding a +0 giant club
              (29 damage)
             ... on level 2 of the Dungeon.
             The game lasted 00:02:14 (2135 turns).

dickylongcocking the Stinger (Naga Venom Mage)      Turns: 2135, Time: 00:02:15

Health: -1/28      AC:  2    Str: 10    XL:     3   Next: 91%
Magic:  0/6        EV: 10    Int: 16    God:
Gold:   111        SH:  0    Dex: 11    Spells: 0/6 levels left

rFire    . . .     SeeInvis +   d - +0 scimitar
rCold    . . .     Faith    .   (no shield)
rNeg     . . .     Spirit   .   a - +0 robe
rPois    +         Reflect  .   (no helmet)
rElec    .         Harm     .   (no cloak)
rCorr    .         Rampage  .   (no gloves)
MR       .....     Rnd*Tele +   (no barding)
Stlth    ++........             (no amulet)
HPRegen  0.09/turn              i - ring of teleportation (curse)
MPRegen  0.10/turn              (no ring)

@: short of breath, very slow
A: large, see invisible, deformed body, poison resistance, slowness 2, spit
poison 1, AC +1
a: Spit Poison


You were on level 2 of the Dungeon.
You visited 1 branch of the dungeon, and saw 2 of its levels.

You collected 111 gold pieces.

Inventory:

Hand Weapons
 b - a +0 club
 d - a +0 scimitar (weapon)
 f - a +0 mace
Armour
 a - a +0 robe (worn)
Jewellery
 i - a cursed ring of teleportation (left hand)
Scrolls
 c - a scroll of noise
 e - a scroll of enchant armour
Potions
 g - a potion of haste {unknown}
 h - 2 potions of stabbing {unknown}
 j - a potion of ambrosia {unknown}


   Skills:
 - Level 1.5 Dodging
 - Level 3.0 Stealth
 - Level 2.0 Spellcasting
 - Level 1.0 Transmutations
 * Level 6.2 Poison Magic


You couldn't memorise any spells.
You knew the following spells:

 Your Spells              Type           Power        Failure   Level
a - Sting                 Tmut/Pois      ##..         4%          1
b - Ignite Poison         Fire/Tmut/Pois #.......     22%         3
p - Poisonous Vapours     Pois/Air       ##....       9%          2

Your spell library contained the following spells:

 Spells                   Type           Power        Failure   Level
 Olgreb's Toxic Radiance  Pois           ###.....     16%         4
 Mephitic Cloud           Conj/Pois/Air  #.......     26%         3


Dungeon Overview and Level Annotations

Branches:
Dungeon (2/15)

Altars:


Innate Abilities, Weirdness & Mutations

You cannot wear boots.
Your serpentine skin is tough. (AC +1)
You have supernaturally acute eyesight. (SInv)
Armour fits poorly on your strangely shaped body.
Your system is resistant to poisons. (rPois)
You cover ground very slowly.
You can spit poison.


Message History

Unknown command.
Okay, then.
Casting: Poisonous Vapours (safe; 9% risk of failure)
Confirm with . or Enter, or press ? or * to list all spells.
Aiming: Sting (safe; 4% risk of failure)
Press: ? - help, Shift-Dir - straight line, f/p - ogre
Aim: an ogre, wielding a +0 giant club (severely wounded, very poisoned)
The sting hits the ogre.
The ogre looks even sicker.
The ogre is severely wounded.
The ogre hits you but does no damage.
Unknown command.
Unknown command.
You have got your breath back.
Unknown command.
Press: ? - help, Shift-Dir - straight line, f/p - ogre
Aim: an ogre, wielding a +0 giant club (severely wounded, very poisoned)
The splash of poison misses the ogre.
The ogre hits you with a +0 giant club!!
Ouch! That really hurt!
You die...

..............≈♣ ..
###.#.#.#......##
..######.....(.(......#
.).......#.#.#.#.<....#
.................÷....#
........$#.#.#.#†.....#
......................#####
#........#.#.#.#..........#
.......)..O@....#.#####...#
(......!.#.#.#.##.# #...#
.....)............# #(..#
.........#.#.#.#..# #...#
...........>......# #.###
.^.......#.#.#.#..# #.#
..................# #.#
.........#.#.#.##.#
..........####.##.#


You could see an ogre (very poisoned).

Vanquished Creatures
  An ooze (D:1)
  4 dart slugs
  2 leopard geckos (D:1)
  3 giant cockroaches (D:1)
  2 goblins
  3 hobgoblins
  A ball python (D:1)
  8 bats
  2 frilled lizards (D:1)
  8 kobolds
  6 rats (D:1)
40 creatures vanquished.

Vanquished Creatures (others)
  A plant (D:2)
1 creature vanquished.

Grand Total: 41 creatures vanquished

Notes
Turn   | Place    | Note
-------+----------+-------------------------------------------
     0 | D:1      | dickylongcocking the Naga Venom Mage began the quest for
                  | the Orb.
     0 | D:1      | Reached XP level 1. HP: 15/15 MP: 3/3
   131 | D:1      | Reached XP level 2. HP: 8/22 MP: 0/5
   483 | D:1      | Reached skill level 5 in Poison Magic
   911 | D:1      | Learned a level 2 spell: Poisonous Vapours
  1085 | D:1      | Reached XP level 3. HP: 28/28 MP: 3/6
  1090 | D:1      | Learned a level 3 spell: Ignite Poison
  1773 | D:1      | Reached skill level 6 in Poison Magic
  2125 | D:2      | Noticed an ogre
  2135 | D:2      | Slain by an ogre

Illustrated notes

Levels and vault maps discovered:
D:1:      zaba_arrival_water, layout_basic
D:2:      cheibrodos_pilgrimage, layout_basic, serial_bayou,
          serial_bayou_lake_a, serial_bayou_pond_b, serial_bayou_pond_d,
          serial_bayou_pond_b, st_stairs_12, nicolae_ru_the_path_less_chosen

Skill      XL: |  1  2  3 |
---------------+----------+-----
Poison Magic   | 5 6 |  6.2
Dodging        | |  1.5
Stealth        | |  3.0
Spellcasting   | |  2.0
Transmutations | |  1.0

Action                   || total
-------------------------++-------
Melee: Club              ||     7
       Unarmed           ||     1
       Mace              ||    16
 Cast: Sting             ||    32
       Poisonous Vapours ||    22
       Ignite Poison     ||     1
 Abil: Spit Poison       ||    15
  Use: Scroll            ||     3
Armor: Robe              ||    23
Dodge: Dodged            ||    56

Table legend: (Time is in decaauts)
 A = Elapsed time spent in this place.
 B = Non-inter-level travel time spent in this place.
 C = Inter-level travel time spent in this place.
 D = Time resting spent in this place.
 E = Time spent auto-exploring this place.
 F = Levels seen in this place.
 G = Mean time per level.
                   A        B        C        D        E       F      G
               +--------+--------+--------+--------+--------+-----+--------+
         Total |   2499 |   2484 |     15 |    477 |   1696 |   2 | 1249.5 |
       Dungeon |   2499 |   2484 |     15 |    477 |   1696 |   2 | 1249.5 |
               +--------+--------+--------+--------+--------+-----+--------+

Top non-repeatable levels by time:
     D:1: 2335 daAuts
     D:2: 163 daAuts
